 Dungeon Crawl Stone Soup version 0.24-a0-549-g45f0056d81 (webtiles) character file.

Game seed: 16793738241562614144

19 Ijustatesigmund the Skirmisher (level 2, -36/33 HPs)
             Began as an Ogre Fighter on Aug 20, 2019.
             Killed from afar by a jackal (37 damage)
             ... with an exploding inner flame
             ... hexed by the player character
             ... on level 2 of the Dungeon.
             The game lasted 00:01:00 (292 turns).

Ijustatesigmund the Skirmisher (Ogre Fighter)        Turns: 292, Time: 00:01:01

Health: -36/33     AC:  3    Str: 24    XL:     2   Next: 75%
Magic:  2/2        EV:  8    Int:  9    God:
Gold:   64         SH:  8    Dex:  8    Spells: 1/1 levels left

rFire    . . .     SeeInvis .   a - +0 flail
rCold    . . .     Gourm    .   c - +0 shield
rNeg     . . .     Faith    .   b - +0 robe
rPois    .         Spirit   .   (helmet restricted)
rElec    .         Reflect  .   e - scarf {repulsion}
rCorr    .         Harm     .   (gloves unavailable)
MR       .....                  (boots unavailable)
Stlth    +.........             (no amulet)
HPRegen  0.11/turn              (no ring)
MPRegen  0.08/turn              (no ring)

@: mighty, repel missiles
A: large, unfitting armour, tough skin 1
a: no special abilities


You were on level 2 of the Dungeon.
You were not hungry.

You visited 1 branch of the dungeon, and saw 2 of its levels.

You collected 64 gold pieces.

Inventory:

Hand Weapons
 a - a +0 flail (weapon)
Armour
 b - a +0 robe (worn)
 c - a +0 shield (worn)
 e - a scarf of repulsion (worn)
Scrolls
 h - a scroll of remove curse {unknown}
Comestibles
 f - 3 rations


   Skills:
 + Level 4.4 Fighting
 * Level 2.6 Maces & Flails
 - Level 2.6 Dodging
 - Level 2.6 Shields


You had one spell level left.
You didn't know any spells.
Your spell library was empty.

Dungeon Overview and Level Annotations

Branches:
Dungeon (2/15)

Altars:


Innate Abilities, Weirdness & Mutations

You are too large for most types of armour.
You have tough skin. (AC +1)


Message History

* * * LOW HITPOINT WARNING * * *
The jackal bites you.
* * * LOW HITPOINT WARNING * * *
The jackal bites you but does no damage.
The jackal barely misses you. x2
You aren't carrying any potions.
Unknown command.
As you read the scroll labeled PIX POFODWO, it crumbles to dust.
The creatures around you are filled with an inner flame!
It was a scroll of immolation.
You block the bat's attack. The jackal closely misses you.
The jackal bites you.
* * * LOW HITPOINT WARNING * * *
The bat hits you.
* * * LOW HITPOINT WARNING * * *
The jackal bites you but does no damage.
You bludgeon the jackal!!
The jackal explodes!
The fiery explosion engulfs you!!!
Ouch! That really hurt!
You die...

###########
###.........#
............#
............#
.......§h§..#
.......@§r..#
......h§b§..#
............+
.)..........#
...##########
.. #


You could see 2 jackals, a bat (inner flame) and a rat (inner flame).

Vanquished Creatures
  An ooze (D:1)
  A dart slug (D:1)
  3 goblins (D:1)
  A hobgoblin (D:1)
  A bat (D:1)
  2 frilled lizards (D:1)
  4 kobolds (D:1)
  A rat (D:1)
14 creatures vanquished.

Notes
Turn   | Place    | Note
-------+----------+-------------------------------------------
     0 | D:1      | Ijustatesigmund the Ogre Fighter began the quest for the
                  | Orb.
     0 | D:1      | Reached XP level 1. HP: 24/24 MP: 1/1
    45 | D:1      | Reached XP level 2. HP: 26/32 MP: 2/2
   291 | D:2      | HP: 1/33 [bat (1)]
   292 | D:2      | Killed from afar by a jackal

Levels and vault maps discovered:
D:1:      dpeg_arrival_tiny_i, layout_rooms
D:2:      layout_basic, first_ration, minmay_randomly_rotated_circles,
          uniq_robin, uniq_jessica

Skill      XL: |  1 |
---------------+----+-----
Maces & Flails | 2 |  2.6
Fighting       | |  4.4
Dodging        | |  2.6
Shields        | |  2.6

Action                   || total
-------------------------++-------
Melee: Flail             ||    53
  Use: Scroll            ||     1
       Potion            ||     1
Armor: Robe              ||    30
Dodge: Dodged            ||    34
       Deflected         ||     1
Block: Shield            ||    39

Table legend:
 A = Non-vault XP
 B = Vault XP
 C = Vault XP percentage of total XP
 D = Non-vault monster count
 E = Vault monster count
 F = Vault count percentage of total count
                 A         B        C        D         E       F
            +---------+---------+-------+---------+---------+-------
      Total |      28 |       0 |   0.0 |      14 |       0 |   0.0
            +---------+---------+-------+---------+---------+-------
        D:1 |      28 |       0 |   0.0 |      14 |       0 |   0.0
            +---------+---------+-------+---------+---------+-------
